 Dungeon Crawl Stone Soup version 0.25.0-46-gbd7b0854d2 (webtiles) character file.

Game seed: 2898635648353260130

45 Ethylacetat the Gusty (level 3, 0/21 HPs)
             Began as an Octopode Air Elementalist on July 15, 2020.
             Succumbed to an adder's poison
             ... on level 2 of the Dungeon.
             The game lasted 00:03:18 (1327 turns).

Ethylacetat the Gusty (Octopode Air Elementalist)   Turns: 1327, Time: 00:03:19

Health: 0/21       AC:  1    Str:  6 (7)  XL:     3   Next: 64%
Magic:  6/6        EV: 13    Int: 15 (18) God:
Gold:   58         SH:  0    Dex:  9 (12) Spells: 5/6 levels left

rFire    . . .     SeeInvis .   m - +4 hunting sling
rCold    . . .     Gourm    .   (no shield)
rNeg     . . .     Faith    .   (helmet restricted)
rPois    .         Spirit   .   (no amulet)
rElec    .         Reflect  .   (no ring)
rCorr    .         Harm     .   (no ring)
MR       .....                  (no ring)
Stlth    +++.......             (no ring)
HPRegen  0.07/turn              (no ring)
MPRegen  0.10/turn              (no ring)
                                (no ring)
                                (no ring)

@: mighty, brilliant, lethally poisoned (0 -> -5), very slightly contaminated,
invisible
A: almost no armour, stealthy swim, amphibious, 8 rings, constrict 8, camouflage
1, gelatinous body 1
a: no special abilities


You were on level 2 of the Dungeon.
You were not hungry.

You visited 1 branch of the dungeon, and saw 2 of its levels.

You collected 58 gold pieces.

Inventory:

Hand Weapons
 d - a +0 dagger
 m - a +4 hunting sling (weapon)
Missiles
 n - 2 stones (quivered)
Scrolls
 e - a scroll of remove curse {unknown}
 g - 6 scrolls of identify {unknown}
 i - a scroll of teleportation {unknown}
 j - 2 scrolls of fog {unknown}
 l - a scroll of fear {unknown}
Comestibles
 b - 3 rations
 c - a chunk of flesh


   Skills:
 * Level 0.0 Slings
 - Level 2.0 Dodging
 - Level 2.6 Stealth
 - Level 2.3 Spellcasting
 - Level 2.2 Conjurations
 - Level 3.6 Air Magic


You had 5 spell levels left.
You knew the following spells:

 Your Spells              Type           Power        Failure   Level  Hunger
a - Shock                 Conj/Air       ###.         6%          1    None

Your spell library contained the following spells:

 Spells                   Type           Power        Failure   Level  Hunger
 Swiftness                Chrm/Air       ##......     16%         2    None
 Static Discharge         Conj/Air       ###.....     19%         3    None
 Airstrike                Air            ###.......   43%         4    None
 Lightning Bolt           Conj/Air       ###.......   87%         5    None


Dungeon Overview and Level Annotations

Branches:
Dungeon (2/15)

Altars:


Innate Abilities, Weirdness & Mutations

You cannot wear most types of armour.
You are very stealthy in the water. (Stealth+)
You are amphibious.
You can wear up to eight rings at the same time.
You can use your tentacles to constrict eight enemies at once.
Your skin changes colour to match your surroundings (Stealth+).
Your rubbery body absorbs attacks. (AC +1, EV +1)


Message History

It was a potion of might.
You feel very mighty all of a sudden. The adder barely misses you.
It was a potion of invisibility.
You fade into invisibility!
* * * LOW HITPOINT WARNING * * *
You feel sick. The adder bites you.
* * * LOW HITPOINT WARNING * * *
The adder bites you but does no damage.
You are very lightly contaminated with residual magic.
It was a potion of degeneration.
There was something very wrong with that liquid.
You feel weakened.
You feel dopey.
You feel clumsy. The adder misses you.
Firing (i - inventory)
n - 3 stones (quivered)
Press: ? - help, Shift-Dir - straight line, f/p - adder
Aim: an adder (severely wounded)
You shoot a stone. The stone closely misses the adder.
You hear a splash.
You die...

#....g..#.............
#....g.(....(...#.÷...
#...S......#....#.....
#....###....######.#.#.
#%.S #............<..##
##.. #.......(........)
.... #.)...............
.....
#.#.#######.....##
......#@#.# #.......
....(.S.#.# #.....#.
.##.....#.# #.....#.
.....(..#.# .......#
≈≈≈(..#+#.# ........#.
###≈.. ......... #≈.#
#≈. ≈≈.


You could see an adder.

Vanquished Creatures
  An adder (D:2)
  An ooze (D:1)
  A dart slug (D:2)
  A leopard gecko (D:1)
  A giant cockroach (D:1)
  6 goblins
  3 hobgoblins (D:1)
  4 bats
  2 frilled lizards
  5 kobolds
  5 rats
30 creatures vanquished.

Notes
Turn   | Place    | Note
-------+----------+-------------------------------------------
     0 | D:1      | Ethylacetat the Octopode Air Elementalist began the quest
                  | for the Orb.
     0 | D:1      | Reached XP level 1. HP: 11/11 MP: 3/3
   400 | D:1      | Reached XP level 2. HP: 17/17 MP: 5/5
   834 | D:1      | Reached XP level 3. HP: 21/21 MP: 6/6
  1325 | D:2      | HP: 1/21 [adder (2)]
  1327 | D:2      | Succumbed to an adder's poison

Illustrated notes

Levels and vault maps discovered:
D:1:      tarquinn_simple_flora_water_e, layout_loops_corners
D:2:      layout_basic, first_ration, kennysheep_boxes

Skill      XL: |  1  2  3 |
---------------+----------+-----
Conjurations   | 2 |  2.2
Dodging        | |  2.0
Stealth        | |  2.6
Spellcasting   | |  2.3
Air Magic      | |  3.6

Action                   || total
-------------------------++-------
Melee: Dagger            ||    35
       Unarmed           ||     3
       Tentacles         ||     7
       Constrict         ||     8
 Fire: Hunting sling     ||    10
 Cast: Shock             ||    10
  Use: Potion            ||     4
 Stab: Sleeping          ||    15
  Eat: Chunk             ||     1
Armor: Skin              ||     4
Dodge: Dodged            ||    32
